 Dungeon Crawl Stone Soup version 0.19-a0-1540-g35a11b8 (webtiles) character file.

2737 Pororoca the Impaler (level 9, 0/69 HPs)
             Began as a Merfolk Gladiator on Sept 14, 2016.
             Was a Priest of Uskayaw.
             Slain by Pikel
             ... wielding a +0 whip of flaming
              (1 damage)
             ... on level 7 of the Dungeon.
             The game lasted 00:53:23 (5918 turns).

Pororoca the Impaler (Merfolk Gladiator)            Turns: 5918, Time: 00:53:27

Health: 0/69       AC:  5    Str: 15    XL:     9   Next: 67%
Magic:  9/9        EV: 14    Int:  7    God:    Uskayaw [***...]
Gold:   430        SH:  0    Dex: 18    Spells: 0 memorised, 8 levels left

rFire  . . .     SeeInvis .     t - +1 halberd
rCold  . . .     Gourm    .     b - +0 leather armour
rNeg   . . .     Faith    .     (shield currently unavailable)
rPois  .         Spirit   .     c - +0 helmet
rElec  .         Dismiss  .     (no cloak)
rCorr  .         Reflect  .     g - +0 pair of gloves
MR     .....     Harm     .     (no boots)
Stlth  +.........               s - amulet of regeneration
                                (no ring)
                                (no ring)

@: no status effects
A: change form in water, swift swim, stealthy swim
a: Stomp, Line Pass, Renounce Religion


You were on level 7 of the Dungeon.
You worshipped Uskayaw.
Uskayaw was noncommittal.
You were not hungry.

You visited 1 branch of the dungeon, and saw 7 of its levels.

You collected 430 gold pieces.

Inventory:

Hand Weapons
 a - a +0 trident
 t - a +1 halberd (weapon)
Missiles
 d - 3 throwing nets (quivered)
Armour
 b - a +0 leather armour (worn)
 c - a +0 helmet (worn)
 g - a +0 pair of gloves (worn)
Jewellery
 s - an amulet of regeneration (around neck)
 v - a cursed ring of teleportation {unknown}
Wands
 y - a wand of flame (3/48)
 A - a wand of random effects (13/48)
 B - a wand of polymorph (7/24)
Scrolls
 e - a scroll of immolation
 i - a scroll of amnesia {unknown}
 m - a scroll of random uselessness {unknown}
 n - 2 scrolls of remove curse
 o - 4 scrolls of identify
 p - a scroll of enchant weapon
 q - a scroll of magic mapping {unknown}
 u - 2 scrolls of teleportation
 C - a scroll of silence {unknown}
Potions
 h - a potion of agility
 k - 2 potions of mutation
 r - 3 potions of curing
 w - a potion of haste
 x - a potion of flight
 z - 2 potions of lignification {unknown}
Comestibles
 f - 5 bread rations
 j - 2 meat rations
 l - 7 beef jerkies


   Skills:
 + Level 6.0 Fighting
 - Level 16.1 Polearms
 - Level 2.0 Throwing
 - Level 4.0 Dodging


You had 8 spell levels left.
You didn't know any spells.

Dungeon Overview and Level Annotations

Branches:
Dungeon (7/15)             Temple (0/1) D:6

Altars:
Ashenzari
Gozag
Makhleb
Uskayaw
Vehumet
Beogh

Shops:
D:4 (   D:5 :

Annotations:
D:7 Pikel


Message History

The slave hits you.
* * * LOW HITPOINT WARNING * * *
Pikel barely misses you.
You slash Pikel!
Pikel is severely wounded.
The slave hits you.
* * * LOW HITPOINT WARNING * * *
The slave hits you!
* * * LOW HITPOINT WARNING * * *
The slave misses you.
Uskayaw will force your foes to helplessly watch your dance.
Uskayaw prepares the audience for your solo!
The helpless Pikel fails to defend himself.
You slash Pikel!
Pikel is almost dead.
Pikel is no longer paralysed.
The slave is no longer paralysed. x4
Pikel hits you with a whip of flaming.
* * * LOW HITPOINT WARNING * * *
Pikel burns you.
You die...

##### ###### #..÷#
#....# #######.§÷# ##
#....# #....##.).# #..
#....# #.....###.# #...
#....# #.....##.##
#....#....###....###.###
......ppp........##.###.
.....pK@.........).÷....
#....#####.......%......
#.. #.....).##'#### #
#.......##.#
#.......##.# ##
##########.# #. #.# #.
####'###. #........


You could see Pikel and 4 slaves.

Vanquished Creatures
  Joseph (D:7)
  A wyvern (D:6)
  A water moccasin (D:7)
  Duvessa (D:7)
  A sky beast (D:5)
  An ice beast (D:5)
  3 ogres
  Blork the orc (D:4)
  2 giant frogs (D:7)
  A gnoll sergeant (D:7)
  2 scorpions (D:7)
  Dowan (D:7)
  2 giant frog zombies
  5 crimson imps
  A jelly (D:7)
  5 orc priests
  2 centaur skeletons
  4 hounds
  4 orc wizards
  A giant frog skeleton (D:4)
  Natasha (thrice) (D:4)
  A worker ant (D:5)
  A hound zombie (D:5)
  2 hound skeletons
  9 gnolls
  10 adders
  2 oozes
  An adder zombie (D:5)
  An adder skeleton (D:7)
  2 worms (D:4)
  2 dart slugs
  2 giant geckos
  31 orcs
  A ball python (D:2)
  5 giant cockroaches
  3 hobgoblins
  15 jackals
  7 kobolds
  2 quokkas
  10 bats
  A giant gecko zombie (D:5)
  10 giant newts
  5 goblins
  A quokka skeleton (D:4)
  9 rats
176 creatures vanquished.

Notes
Turn   | Place    | Note
-------+----------+-------------------------------------------
     0 | D:1      | Pororoca the Merfolk Gladiator began the quest for the Orb.
     0 | D:1      | Reached XP level 1. HP: 16/16 MP: 1/1
   239 | D:1      | Reached skill level 5 in Polearms
   378 | D:1      | Reached XP level 2. HP: 22/22 MP: 2/2
   820 | D:2      | Reached skill level 6 in Polearms
   820 | D:2      | Reached XP level 3. HP: 23/27 MP: 3/3
  1409 | D:3      | Reached XP level 4. HP: 27/33 MP: 4/4
  1413 | D:3      | Reached skill level 7 in Polearms
  1626 | D:3      | Reached skill level 8 in Polearms
  1626 | D:3      | Reached XP level 5. HP: 9/38 MP: 5/5
  2284 | D:3      | Found a roughly hewn altar of Beogh.
  2503 | D:3      | Reached skill level 9 in Polearms
  2931 | D:4      | Reached XP level 6. HP: 40/44 MP: 6/6
  2984 | D:4      | Noticed Blork the orc
  2994 | D:4      | Killed Blork the orc
  2994 | D:4      | Reached skill level 10 in Polearms
  3070 | D:4      | Noticed Natasha
  3074 | D:4      | Killed Natasha
  3074 | D:4      | Reached XP level 7. HP: 50/50 MP: 7/7
  3258 | D:4      | Reached skill level 11 in Polearms
  3274 | D:4      | Noticed Natasha
  3304 | D:4      | Found Hicoilir's Weapon Emporium.
  3316 | D:4      | Killed Natasha
  3506 | D:4      | Reached skill level 12 in Polearms
  3562 | D:4      | Found a glowing drain.
  3863 | D:4      | Noticed Natasha
  3868 | D:4      | Killed Natasha
  3876 | D:5      | Entered Level 5 of the Dungeon
  3938 | D:5      | Reached XP level 8. HP: 42/56 MP: 8/8
  4035 | D:5      | Reached skill level 13 in Polearms
  4068 | D:5      | Found a shattered altar of Ashenzari.
  4070 | D:5      | Found a hide-covered altar of Uskayaw.
  4071 | D:5      | Found an opulent altar of Gozag.
  4078 | D:5      | Became a worshipper of Uskayaw the Reveler
  4091 | D:5      | Reached * piety under Uskayaw
  4120 | D:5      | Reached ** piety under Uskayaw
  4291 | D:5      | Reached skill level 14 in Polearms
  4298 | D:5      | Reached *** piety under Uskayaw
  4300 | D:5      | Reached **** piety under Uskayaw
  4501 | D:5      | Found Donuan's Book Shoppe.
  4690 | D:6      | Noticed a wyvern
  4704 | D:6      | Killed a wyvern
  4813 | D:6      | Reached skill level 15 in Polearms
  5005 | D:6      | Found a staircase to the Ecumenical Temple.
  5340 | D:7      | Reached XP level 9. HP: 61/61 MP: 9/9
  5509 | D:7      | Noticed Dowan
  5518 | D:7      | Noticed Duvessa
  5524 | D:7      | Killed Dowan
  5524 | D:7      | Reached skill level 16 in Polearms
  5525 | D:7      | Killed Duvessa
  5525 | D:7      | Reached ***** piety under Uskayaw
  5530 | D:7      | Found a radiant altar of Vehumet.
  5667 | D:7      | Found a burning altar of Makhleb.
  5708 | D:7      | Noticed Joseph
  5730 | D:7      | Killed Joseph
  5730 | D:7      | Reached skill level 5 in Fighting
  5900 | D:7      | Noticed Pikel
  5917 | D:7      | HP: 1/69 [slave[Pikel] (8)]
  5918 | D:7      | Slain by Pikel

Vault maps used:
D:1:      lemuel_arrival_broad_hall, minmay_misc_feat_square,
          kennysheep_pointless_box
D:3:      first_bread, kennysheep_orc_chapel
D:4:      serial_shops, kennysheep_little_box, gup_sewer_entry_spiral,
          uniq_blork_the_orc, uniq_natasha
D:5:      minitemple, serial_shops, shop
D:7:      lemuel_round_altar, basic_altar, grunt_ogre_cave, uniq_joseph,
          uniq_duvessa, uniq_pikel

Skill      XL: |  1  2  3  4  5  6  7  8  9 |
---------------+----------------------------+-----
Polearms       | 5 6 8 9 10 12 15 16 | 16.1
Fighting       | 6 |  6.0
Throwing       | |  2.0
Dodging        | |  4.0

Action                   |  1- 3 |  4- 6 |  7- 9 || total
-------------------------+-------+-------+-------++-------
Melee: Trident           |   141 |    42 |       ||   183
       Halberd           |       |   118 |   393 ||   511
       Tailslap          |       |       |     2 ||     2
Throw: Throwing net      |     6 |     4 |       ||    10
Invok: Stomp             |       |       |     2 ||     2
  Use: Scroll            |     2 |     1 |     9 ||    12
       Potion            |       |       |     4 ||     4
 Stab: Sleeping          |     1 |       |     4 ||     5
       Held in net/web   |     2 |     1 |       ||     3
       Distracted        |     1 |       |       ||     1
       Paralysed         |       |       |     8 ||     8
  Eat: Chunk             |     1 |     6 |     8 ||    15
       Royal jelly       |       |       |     1 ||     1
Armor: Leather armour    |    30 |    19 |    44 ||    93
Dodge: Dodged            |    87 |    73 |   166 ||   326
